 Dungeon Crawl Stone Soup version 0.26-a0-710-g95a0c6c400 (webtiles) character file.

Game seed: 7322031785359090352

46155 Xurdan the Severer (level 14, -2/133 HPs)
             Began as a Minotaur Gladiator on Oct 30, 2020.
             Was a High Priest of Okawaru.
             Slain by a four-headed hydra (9 damage)
             ... on level 5 of the Lair of Beasts.
             The game lasted 00:40:05 (18174 turns).

Xurdan the Severer (Minotaur Gladiator)            Turns: 18174, Time: 00:40:05

Health: -2/133     AC: 27    Str: 20    XL:     14   Next: 3%
Magic:  14/16      EV: 13    Int:  9    God:    Okawaru [*****.]
Gold:   1096       SH:  8    Dex: 15    Spells: 13/13 levels left

rFire    . . .     SeeInvis .   f - +8 rapier "Xuon" {drain, +Inv}
rCold    + . .     Faith    .   k - +2 buckler {reflect}
rNeg     . . .     Spirit   .   R - +2 plate armour {rC+}
rPois    .         Reflect  +   V - +1 hat {Int+3}
rElec    .         Harm     .   u - +0 cloak
rCorr    +         Rampage  .   r - +0 pair of gloves
MR       +....                  O - +0 pair of boots {run}
Stlth    ..........             t - amulet of the acrobat
HPRegen  0.32/turn              a - ring of resist corrosion
MPRegen  0.15/turn              Q - +4 ring of slaying

@: heroism, quick
A: retaliatory headbutt, horns 2
a: Heroism, Finesse, Renounce Religion, Evoke Invisibility


You were on level 5 of the Lair of Beasts.
You worshipped Okawaru.
Okawaru was extremely pleased with you.
You visited 2 branches of the dungeon, and saw 14 of its levels.

You collected 1096 gold pieces.

Inventory:

Hand Weapons
 f - the +8 rapier "Xuon" (weapon) {drain, +Inv}
   (You took it off an orc wizard on level 8 of the Dungeon)

   A truly terrible weapon, it drains the life of those it strikes.
   It lets you turn invisible.
 o - a +4 war axe of flaming
 K - a +0 broad axe
 M - a +1 battleaxe
 T - the +4 hand crossbow of Deyrex {flame, Fragile Dex+4, unknown}
   (You found it on level 1 of the Lair of Beasts)

   It causes projectiles fired from it to burn those they strike, causing extra
   injury to most foes and up to half again as much damage against particularly
   susceptible opponents.
   It affects your dexterity (+4).
   It will be destroyed if unequipped.
Missiles
 d - 4 throwing nets (quivered)
 D - 10 javelins
Armour
 k - a +2 buckler of reflection (worn)
 r - a +0 pair of gloves (worn)
 u - a +0 cloak (worn)
 v - a +2 pair of gloves of strength
 O - a +0 pair of boots of running (worn)
 R - a +2 plate armour of cold resistance (worn)
 V - a +1 hat of intelligence (worn)
Jewellery
 a - a ring of resist corrosion (left hand)
 q - an uncursed amulet of magic regeneration
 s - an uncursed ring of protection from magic
 t - an amulet of the acrobat (around neck)
 F - a +6 ring of dexterity
 Q - a +4 ring of slaying (right hand)
 S - the amulet of Psychosis {Inacc rF- Str+3 Dex+5 Stlth+}
   (You found it on level 9 of the Dungeon)

   [amulet of inaccuracy]

   It reduces the accuracy of all your attacks.
   It affects your strength (+3).
   It affects your dexterity (+5).
   It makes you vulnerable to fire.
   It makes you more stealthy.
Wands
 l - a wand of disintegration (25)
 B - a wand of enslavement (7)
 C - a wand of flame (39)
 I - a wand of iceblast (18)
 J - a wand of polymorph (5)
 P - a wand of acid (16)
Scrolls
 g - 3 scrolls of identify
 m - 4 scrolls of magic mapping
 w - 5 scrolls of teleportation
 y - a scroll of enchant weapon
 z - 5 scrolls of remove curse
 E - a scroll of fog
 H - 3 scrolls of enchant armour
 U - a scroll of amnesia
Potions
 b - 2 potions of magic
 e - 2 potions of berserk rage {unknown}
 h - 4 potions of lignification
 i - 3 potions of curing
 j - 3 potions of brilliance
 n - 8 potions of ambrosia
 p - 4 potions of stabbing
 x - a potion of resistance
 A - a potion of cancellation
 G - a potion of might
 N - 3 potions of flight {unknown}


   Skills:
 + Level 14.5(19.5) Fighting
 - Level 18.0(23.0) Axes
 - Level 2.0(7.0) Throwing
 + Level 14.3(19.3) Armour
 + Level 5.2(10.2) Dodging
 + Level 4.2(9.2) Shields
 - Level 4.0 Invocations


You had 13 spell levels left.
You didn't know any spells.
Your spell library contained the following spells:

 Spells                   Type           Power        Failure   Level
 Animate Skeleton         Necr           #.....       97%         1
 Apportation              Tloc           #.....       97%         1
 Beastly Appendage        Tmut           #.....       97%         1
 Corona                   Hex            #......      97%         1
 Freeze                   Ice            #...         97%         1
 Sting                    Tmut/Pois      #...         97%         1
 Summon Small Mammal      Summ           #...         97%         1
 Ensorcelled Hibernation  Hex/Ice        #.....       99%         2
 Slow                     Hex            #.......     99%         2
 Wereblood                Tmut           #.......     99%         2
 Confusing Touch          Hex            #.......     100%        3
 Dazzling Flash           Conj/Hex       #.....       100%        3
 Gell's Gravitas          Tloc           #.........   100%        3
 Inner Flame              Hex/Fire       #.......     100%        3
 Ozocubu's Armour         Ice            #.......     100%        3
 Portal Projectile        Hex/Tloc       #.....       100%        3
 Spider Form              Tmut/Pois      #.........   100%        3
 Tukima's Dance           Hex            #.......     100%        3
 Cause Fear               Hex            #.........   100%        4
 Ice Form                 Ice/Tmut       #.......     100%        4
 Leda's Liquefaction      Hex/Erth       #.........   100%        4
 Petrify                  Tmut/Erth      #.......     100%        4
 Blade Hands              Tmut           #.........   100%        5
 Bolt of Magma            Conj/Fire/Erth #.........   100%        5
 Iskenderun's Battlesphe  Conj           #.......     100%        5
 Metabolic Englaciation   Hex/Ice        #.........   100%        5
 Silence                  Hex/Air        #.........   100%        5
 Yara's Violent Unravell  Hex/Tmut       #.........   100%        5
 Iron Shot                Conj/Erth      #.........   100%        6
 Statue Form              Tmut/Erth      #........    100%        6
 Dragon Form              Tmut           #.........   100%        7
 Orb of Destruction       Conj           #.........   100%        7
 Spellforged Servitor     Conj/Summ      #.........   100%        7
 Discord                  Hex            #.........   100%        8


Dungeon Overview and Level Annotations

Branches:
Dungeon (9/15)             Temple (0/1) D:7            Lair (5/6) D:8
  Swamp (0/4) Lair:4       Spider (0/4) Lair:3
  Slime: Lair:5-6       Orc: D:9-12

Altars:
Elyvilon
Makhleb
Okawaru
Trog
Wu Jian
Xom
The Shining One

Shops:
D:8 [

Annotations:
D:9 3 runed translucent doors


Innate Abilities, Weirdness & Mutations

You reflexively headbutt those who attack you in melee.
You have a pair of horns on your head.


Message History

The wolf barely misses you. You furiously retaliate!
You headbutt the wolf. You block the wolf's attack. The wolf barely misses you.
You furiously retaliate!
You headbutt the wolf, but do no damage.
You gain the combat prowess of a mighty hero.
You block the wolf's attack.
A wolf comes into view.
The wolf bites you but does no damage. You block the wolf's attack.
The four-headed hydra bites you but does no damage. x3
The four-headed hydra misses you. The wolf bites you but does no damage.
You barely miss the four-headed hydra.
The wolf howls!
The wolf misses you. The wolf bites you but does no damage.
You block the wolf's attack. The wolf bites you but does no damage.
The four-headed hydra bites you.
* * * LOW HITPOINT WARNING * * *
The four-headed hydra closely misses you.
The four-headed hydra bites you but does no damage.
The four-headed hydra bites you!
You die...

........
................#..
....... ........... .....
.........P. ......P....
...... .................
...... ...(P(..........#
..#.. ...(P(.........h##
.... ....((.(.....#.D@#
..# ............#..hh##..#
..................†..##...
..#............†.#.....(..
..................#.......
.......#..................
..P....##............##...
..P...##P............# ..
..##...##P............h


h You could see a four-headed hydra and 3 wolves.

Vanquished Creatures
  5 entropy weavers (Lair:4)
  A boulder beetle (D:9)
  4 hydras
  3 ghost crabs (Lair:4)
  A catoblepas (Lair:5)
  2 centaur warriors (D:9)
  2 two-headed ogres (D:9)
  6 fire crabs (Lair:4)
  A lindwurm (Lair:5)
  An ugly thing (D:9)
  11 elephants
  An apocalypse crab (Lair:4)
  12 cane toads
  4 rime drakes
  8 komodo dragons
  A queen bee (Lair:3)
  7 jumping spiders (Lair:3)
  A hornet (D:9)
  2 polar bears
  A tyrant leech (Lair:4)
  11 blink frogs
  2 basilisks (Lair:1)
  9 wyverns
  19 yaks
  A steam dragon (Lair:4)
  Edmund (D:6)
  3 swamp worms (Lair:4)
  11 water moccasins
  3 ice beasts
  3 orc warriors (D:8)
  3 black bears
  A sky beast (D:9)
  A phantom (D:4)
  4 ogres
  11 wolves
  A centaur (D:9)
  16 bullfrogs
  2 big kobolds
  A scorpion (D:8)
  61 killer bees
  5 wights
  A centaur zombie (D:8)
  A crimson imp (D:9)
  A bullfrog zombie (D:8)
  2 hounds (D:8)
  3 jellies
  7 orc priests
  5 orc wizards
  Ijyb (D:5)
  2 iguanas (D:8)
  6 worker ants
  A killer bee zombie (D:9)
  A hound zombie (D:6)
  A hound skeleton (D:4)
  8 adders
  4 shadow imps
  2 white imps
  2 ufetubi
  An adder zombie (D:5)
  4 adder skeletons
  3 worms
  A dart slug (D:1)
  9 leopard geckos
  30 orcs
  6 giant cockroaches
  3 hobgoblins
  4 jackals (D:3)
  22 kobolds
  4 quokkas
  6 bats
  2 frilled lizards
  A giant cockroach zombie (D:5)
  5 goblins
  A leopard gecko skeleton (D:8)
  A quokka zombie (D:5)
  11 rats
405 creatures vanquished.

Vanquished Creatures (others)
  52 fungi
  61 plants
113 creatures vanquished.

Grand Total: 518 creatures vanquished

Notes
Turn   | Place    | Note
-------+----------+-------------------------------------------
     0 | D:1      | Xurdan the Minotaur Gladiator began the quest for the Orb.
     0 | D:1      | Reached XP level 1. HP: 18/18 MP: 0/0
   268 | D:1      | Reached skill level 4 in Axes
   268 | D:1      | Reached XP level 2. HP: 25/25 MP: 1/1
   348 | D:1      | Reached skill level 1 in Armour
  1001 | D:2      | Reached XP level 3. HP: 31/31 MP: 2/2
  1740 | D:3      | Found a glowing golden altar of the Shining One.
  1747 | D:3      | Reached XP level 4. HP: 30/38 MP: 3/3
  1753 | D:3      | Reached skill level 5 in Axes
  2542 | D:4      | Reached XP level 5. HP: 38/46 MP: 4/4
  2621 | D:4      | Found an iron altar of Okawaru.
  2629 | D:4      | Became a worshipper of Warmaster Okawaru
  2734 | D:4      | Noticed a phantom
  2735 | D:4      | Reached skill level 6 in Axes
  2768 | D:4      | Killed a phantom
  2768 | D:4      | Reached XP level 6. HP: 27/53 MP: 5/5
  3177 | D:4      | Reached * piety under Okawaru
  3372 | D:4      | Reached skill level 1 in Invocations
  3634 | D:5      | Entered Level 5 of the Dungeon
  3831 | D:5      | Reached skill level 7 in Axes
  3864 | D:5      | Noticed Ijyb
  3869 | D:5      | Killed Ijyb
  4047 | D:5      | Noticed an ice beast
  4055 | D:5      | Killed an ice beast
  4055 | D:5      | Reached skill level 5 in Fighting
  4055 | D:5      | Reached XP level 7. HP: 61/61 MP: 5/7
  5249 | D:6      | Reached ** piety under Okawaru
  5282 | D:6      | Reached skill level 8 in Axes
  5334 | D:6      | Noticed Edmund
  5358 | D:6      | Killed Edmund
  5358 | D:6      | Reached skill level 5 in Armour
  5358 | D:6      | Reached XP level 8. HP: 45/70 MP: 7/9
  5705 | D:7      | Found an ornate altar of the Wu Jian Council.
  5921 | D:7      | Found a staircase to the Ecumenical Temple.
  6105 | D:7      | Found a shimmering altar of Xom.
  6191 | D:7      | Reached skill level 9 in Axes
  6319 | D:7      | Reached *** piety under Okawaru
  6897 | D:7      | Reached XP level 9. HP: 37/78 MP: 11/11
  6908 | D:7      | Reached skill level 10 in Axes
  7290 | D:8      | Found Egiam's Armour Emporium.
  7354 | D:8      | Reached **** piety under Okawaru
  7582 | D:8      | Reached skill level 11 in Axes
  7754 | D:8      | Found a staircase to the Lair.
  7778 | D:8      | Identified the +8 rapier "Xuon" {drain, +Inv}
  7891 | D:8      | Reached ***** piety under Okawaru
  7934 | D:8      | Identified a +0 pair of boots of running (You found it on
                  | level 8 of the Dungeon)
  8064 | D:8      | Found a bloodstained altar of Trog.
  8100 | D:8      | Found a white marble altar of Elyvilon.
  8307 | D:8      | Reached XP level 10. HP: 90/90 MP: 12/12
  8413 | D:8      | Reached skill level 12 in Axes
  8704 | D:9      | Identified the +2 ring mail of Wiokay {Rampage rC+ Str+3
                  | Slay-3} (You found it on level 9 of the Dungeon)
  8968 | D:9      | Noticed a centaur warrior
  8969 | D:9      | Noticed a boulder beetle
  8969 | D:9      | Noticed a two-headed ogre
  8969 | D:9      | Noticed a two-headed ogre
  8980 | D:9      | Killed a two-headed ogre
  8980 | D:9      | Received a gift from Okawaru
  8988 | D:9      | Killed a two-headed ogre
  8989 | D:9      | Noticed a centaur warrior
  8990 | D:9      | Reached skill level 13 in Axes
  8995 | D:9      | Noticed a two-headed ogre
  8999 | D:9      | Killed a centaur warrior
  9001 | D:9      | Killed a centaur warrior
  9001 | D:9      | Reached skill level 10 in Fighting
  9545 | D:9      | Noticed a green ugly thing
  9558 | D:9      | Killed a green ugly thing
  9742 | D:9      | Killed a boulder beetle
  9742 | D:9      | Reached XP level 11. HP: 98/100 MP: 9/13
  9766 | D:9      | Found a runed translucent door.
  9766 | D:9      | Noticed a skeletal warrior
  9774 | D:9      | Reached skill level 14 in Axes
  9777 | D:9      | Identified the Guide on the Unstable Frostbite
  9780 | D:9      | Found a runed translucent door.
  9781 | D:9      | Got a heavily runed bronze amulet
  9785 | D:9      | Found a runed translucent door.
  9884 | D:9      | Found a burning altar of Makhleb.
 10120 | Lair:1   | Entered Level 1 of the Lair of Beasts
 10204 | Lair:1   | Reached skill level 10 in Armour
 10918 | Lair:1   | Reached ****** piety under Okawaru
 11101 | Lair:1   | Got a transparent hand crossbow
 11102 | Lair:1   | Identified the amulet of Psychosis {Inacc rF- Str+3 Dex+5
                  | Stlth+} (You found it on level 9 of the Dungeon)
 11606 | Lair:2   | Reached skill level 15 in Axes
 11673 | Lair:2   | Received a gift from Okawaru
 12453 | Lair:2   | Reached XP level 12. HP: 78/110 MP: 14/14
 12883 | Lair:2   | Noticed a five-headed hydra
 12894 | Lair:2   | Killed a five-headed hydra
 12974 | Lair:2   | Reached skill level 16 in Axes
 13827 | Lair:3   | Noticed an eight-headed hydra
 13841 | Lair:3   | Killed an eight-headed hydra
 14207 | Lair:3   | Found a hole to the Spider Nest.
 14210 | Lair:3   | Received a gift from Okawaru
 14643 | Lair:3   | Reached skill level 17 in Axes
 15217 | Lair:4   | Noticed a six-headed hydra
 15228 | Lair:4   | Killed a six-headed hydra
 15347 | Lair:4   | Reached XP level 13. HP: 90/119 MP: 15/15
 16096 | Lair:4   | Found a runed translucent door.
 16455 | Lair:4   | Found a staircase to the Swamp.
 16906 | Lair:4   | Noticed an entropy weaver
 16923 | Lair:4   | Killed an entropy weaver
 16923 | Lair:4   | Received a gift from Okawaru
 16923 | Lair:4   | Reached skill level 18 in Axes
 16947 | Lair:4   | Noticed an entropy weaver
 16966 | Lair:4   | Killed an entropy weaver
 17000 | Lair:4   | HP: 2/123 [fire crab] (14)]
 17374 | Lair:4   | Noticed an entropy weaver
 17381 | Lair:4   | Killed an entropy weaver
 17401 | Lair:4   | Reached skill level 1 in Shields
 17404 | Lair:4   | Noticed an entropy weaver
 17412 | Lair:4   | Killed an entropy weaver
 17606 | Lair:4   | Noticed an entropy weaver
 17614 | Lair:4   | Killed an entropy weaver
 18075 | Lair:5   | Reached skill level 5 in Dodging
 18130 | Lair:5   | Reached XP level 14. HP: 122/133 MP: 14/16
 18160 | Lair:5   | Received a gift from Okawaru
 18174 | Lair:5   | Slain by a four-headed hydra

Illustrated notes

Levels and vault maps discovered:
D:1:      lightli_arrival_lavapool, layout_loops_ring
D:2:      layout_rooms, minmay_misc_feat_secret_circle
D:3:      layout_loops_ring, marbit_many_paths
D:4:      layout_basic, okawaru_ov_weapons_minmay, kennysheep_decorative_pillar
D:5:      minmay_evil_eye, layout_basic, serial_curves, eino_curves_03,
          eino_curves_01, eino_curves_03, chequers_hall_statues_wall_a,
          uniq_ijyb
D:6:      layout_cave_pools, uniq_edmund
D:7:      layout_gridville, lemuel_crystal_altar,
          minmay_temple_entry_mini_moons, basic_altar
D:8:      layout_cave_pools, trog_ov_bears_minmay, lemuel_round_altar,
          due_lair_maze_entry_diamond, serial_shops, shop,
          kennysheep_generic_room_15
D:9:      minmay_the_grid_triangle_9x9_recursive_2_mashed
          [minmay_the_grid_triangle_9x9_prize_schism,
          minmay_the_grid_triangle_9x9_fully_insulated_deathbox,
          minmay_the_grid_triangle_9x9_from_above,
          minmay_the_grid_triangle_9x9_wacky_v], layout_basic,
          makhleb_grotto_becter
Lair:1:   layout_hall_layers, grunt_megastairs_1
Lair:2:   regret_index_bee_streams, layout_cellular_growth
Lair:3:   layout_small_grid, nicolae_spider_entry_tight_spaces, special_room
          [special_room_bee]
Lair:4:   gammafunk_mikee_crab_dinner, layout_loops_ring,
          minmay_swamp_entry_worms
Lair:5:   layout_long_grid, grunt_forest_large_clearings, grunt_megastairs_5,
          lemuel_fruit_tree

Skill      XL: |  1  2  3  4  5  6  7  8  9 10 11 12 13 |
---------------+----------------------------------------+-----
Axes           | 4 5 6 7 8 9 11 13 15 17 18 | 18.0
Armour         | 1 2 3 4 5 6 8 9 11 12 14 | 14.3
Fighting       | 3 4 5 6 8 10 11 12 14 | 14.5
Invocations    | 1 2 4 |  4.0
Shields        | 4 |  4.2
Dodging        | 5 |  5.2
Throwing       | |  2.0

Action                   |  1- 3 |  4- 6 |  7- 9 | 10-12 | 13-15 || total
-------------------------+-------+-------+-------+-------+-------++-------
Melee: War axe           |    86 |   135 |   251 |       |       ||   472
       Headbutt          |    13 |    28 |    62 |   141 |    68 ||   312
       Rapier            |       |       |    70 |   567 |   266 ||   903
Invok: Heroism           |       |       |       |     9 |     8 ||    17
       Finesse           |       |       |       |     5 |     2 ||     7
  Use: Scroll            |     4 |     5 |       |    18 |     1 ||    28
       Potion            |       |       |     6 |     2 |    12 ||    20
 Stab: Invisible         |       |       |     1 |       |       ||     1
       Petrified         |       |       |       |       |     1 ||     1
Armor: Leather armour    |     4 |       |       |       |       ||     4
       Ring mail         |    27 |    35 |       |       |       ||    62
       Plate armour      |       |    24 |   284 |   448 |   263 ||  1019
Dodge: Dodged            |    53 |    72 |   140 |   265 |   145 ||   675
Block: Buckler           |    13 |    11 |    75 |   229 |   109 ||   437

Table legend: (Time is in decaauts)
 A = Elapsed time spent in this place.
 B = Non-inter-level travel time spent in this place.
 C = Inter-level travel time spent in this place.
 D = Time resting spent in this place.
 E = Time spent auto-exploring this place.
 F = Levels seen in this place.
 G = Mean time per level.
                   A        B        C        D        E       F      G
               +--------+--------+--------+--------+--------+-----+--------+
         Total |  17838 |  17345 |    493 |   2430 |  11556 |  14 | 1274.1 |
       Dungeon |  10074 |   9781 |    293 |   1253 |   6822 |   9 | 1119.3 |
          Lair |   7764 |   7565 |    199 |   1177 |   4734 |   5 | 1552.8 |
               +--------+--------+--------+--------+--------+-----+--------+

Top non-repeatable levels by time:
  Lair:4: 2473 daAuts
  Lair:2: 2058 daAuts
  Lair:3: 1607 daAuts
     D:7: 1583 daAuts
     D:9: 1495 daAuts
     D:5: 1352 daAuts
  Lair:1: 1244 daAuts
     D:8: 1212 daAuts
     D:4: 1145 daAuts
     D:3: 961 daAuts
     D:2: 840 daAuts
     D:6: 742 daAuts
     D:1: 741 daAuts
  Lair:5: 380 daAuts
